AoeStats
← jphilkill

Arabia

505388168Analyzed
4v4 RM · 25d ago on Sep 9, 2026· 34m 33s· 8 players
Game mode
Random Map
Map size
Large (8 player)
Population
200
Speed
Normal
Resources
Standard
Victory
Conquest
Starting age
Dark Age
Ending age
Imperial Age
RankedLock teamsTeams togetherTeam positionsShared explorationLock speedFull tech treeHidden civsTurbo modeCheats
Victory
Defeat
🇨🇷 Persians · Costa Rica
1135
+12
🇨🇷 Chinese · Costa Rica
1009
+17
🇨🇷 Magyars · Costa Rica
995
+17
🇨🇷 Saracens · Costa Rica
944
+19
🇨🇱 Georgians · Chile
1061
-18
🇨🇳 Spanish · China
1022
-16
🇩🇪 Burgundians · Germany
1015
-16
🇨🇳 Teutons · China
1000
-45
Chaac97
3:33 Loom
10:15 Feudal Age
13:41 Double-Bit Axe
jphilkill
1:10 Loom
8:29 Wheelbarrow
13:04 Feudal Age
vper1490
8:02 Loom
9:59 Feudal Age
15:38 Wheelbarrow
18:06 Castle Age
32:56 Murder Holes
细狗为爱冲锋
10:55 Feudal Age
12:37 Horse Collar
tupapa13
7:10 Loom
9:15 Feudal Age
10:14 Double-Bit Axe
10:48 Horse Collar
19:27 Castle Age
17:41 Forging
18:01 Scale Barding Armor
18:09 Bloodlines
18:16 Gold Mining
20:46 Chain Barding Armor
20:41 Husbandry
25:10 Heavy Plow
25:23 Bow Saw
27:48 Town Watch
29:45 Stone Mining
32:47 Imperial Age
31:14 Wheelbarrow
31:28 Fervor
32:09 Iron Casting
32:55 Gold Shaft Mining
32:53 Capped Ram
34:39 Blast Furnace
34:15 Plate Barding Armor
33:08 Cavalier
34:45 Stone Shaft Mining
Mc_Patatas
0:37 Loom
10:50 Feudal Age
11:27 Double-Bit Axe
11:50 Horse Collar
19:48 Wheelbarrow
20:33 Fletching
24:56 Castle Age
25:15 Crossbowman
26:02 Thumb Ring
25:56 Bodkin Arrow
26:29 Stone Mining
26:53 Bow Saw
26:45 Heavy Plow
28:09 Gold Mining
30:51 Hand Cart
31:33 Padded Archer Armor
Spectreassassin
3:20 Loom
7:15 Loom
11:09 Feudal Age
13:49 Horse Collar
13:58 Double-Bit Axe
20:42 Wheelbarrow
20:42 Town Watch
21:45 Bloodlines
27:07 Castle Age
27:13 Elite Skirmisher
28:30 Pikeman
29:55 Heavy Plow
30:16 Bow Saw
EmperorofMayhem94
3:13 Loom
12:09 Feudal Age
21:56 Castle Age
20:25 Bloodlines
20:24 Scale Barding Armor
22:52 Husbandry
Connection lost

Rejoining the realm…

Still unreachable

The connection could not be restored.

Session expired

The server has moved on; the page needs a fresh start.